 Dungeon Crawl Stone Soup version 0.21-a0-404-g291f19a (webtiles) character file.

45941 tof the Tortoise (level 14, -7/129 HPs)
             Began as a Minotaur Berserker on Oct 28, 2017.
             Was a High Priest of Trog.
             Mangled by a death yak (12 damage)
             ... on level 6 of the Lair of Beasts.
             The game lasted 00:40:29 (21308 turns).

tof the Tortoise (Minotaur Berserker)              Turns: 21308, Time: 00:40:30

Health: -7/129     AC: 18    Str: 26    XL:     14   Next: 3%
Magic:  4/4        EV: 16    Int:  4    God:    Trog [*****.]
Gold:   980        SH:  0    Dex: 11    Spells: 13/13 levels left

rFire    + + .     SeeInvis .   a - +6 executioner's axe (antimagic)
rCold    x . .     Gourm    +   (shield currently unavailable)
rNeg     . . .     Faith    .   X - +2 scale mail {rF+}
rPois    .         Spirit   .   (helmet restricted)
rElec    +         Reflect  .   U - scarf {repulsion}
rCorr    .         Harm     .   K - +0 pair of gloves
MR       +....                  (no boots)
Stlth    +.........             J - amulet of the gourmand
HPRegen  0.31/turn              D - ring "Lidauf Xuuf" {Fire *Slow rElec Dex+2 Stlth+}
MPRegen  0.09/turn              Q - +4 ring of protection

@: berserk cooldown, slowed, repel missiles, very slow
A: retaliatory headbutt, horns 2, clumsy 1
a: Berserk, Trog's Hand, Brothers in Arms, Burn Spellbooks, Renounce Religion


You were on level 6 of the Lair of Beasts.
You worshipped Trog.
Trog was extremely pleased with you.
You were very full.

You visited 2 branches of the dungeon, and saw 18 of its levels.
You also visited: Sewer and Ossuary.

You collected 1084 gold pieces.
You spent 104 gold pieces at shops.

Inventory:

Hand Weapons
 a - a +6 antimagic executioner's axe (weapon)
 b - a +1 battleaxe of flaming
 u - the +8 whip "Snakebite" {curare, rPois}
   (You found it on level 2 of the Lair of Beasts)

   It poisons the flesh of those it strikes.
   It protects you from poison.
 G - a +3 battleaxe of freezing
Missiles
 e - 8 tomahawks (quivered)
Armour
 K - a +0 pair of gloves (worn)
 U - a scarf of repulsion (worn)
 X - a +2 scale mail of fire resistance (worn)
Jewellery
 f - an uncursed ring of protection from fire
 s - a +3 amulet of reflection
 A - an uncursed ring of flight
 D - the ring "Lidauf Xuuf" (left hand) {Fire *Slow rElec Dex+2 Stlth+}
   (You found it on level 5 of the Lair of Beasts)

   [ring of fire]

   It enhances your fire magic.
   It affects your dexterity (+2).
   It protects you from fire.
   It makes you vulnerable to cold.
   It insulates you from electricity.
   It may slow you when you take damage.
   It makes you more stealthy.
 J - an amulet of the gourmand (around neck)
 Q - a +4 ring of protection (right hand)
Scrolls
 h - 4 scrolls of magic mapping
 k - 15 scrolls of remove curse
 m - 7 scrolls of teleportation
 q - 2 scrolls of blinking
 x - a scroll of fear
 C - 2 scrolls of enchant weapon
 F - a scroll of silence
 O - a scroll of enchant armour
 T - 2 scrolls of summoning
 Z - 2 scrolls of fog
Potions
 d - 5 potions of resistance {unknown}
 j - 2 potions of agility {unknown}
 p - a potion of flight
 r - 2 potions of invisibility {unknown}
 t - 9 potions of curing
 v - 3 potions of degeneration {unknown}
 B - 2 potions of magic {unknown}
 E - 4 potions of mutation {unknown}
 I - 3 potions of heal wounds {unknown}
 M - a potion of lignification
 N - a potion of ambrosia
 R - a potion of brilliance {unknown}
 S - 3 potions of might {unknown}
Books
 i - a book of Cantrips

   Spells                             Type                      Level
   a - Confusing Touch                Hexes                        1
   b - Animate Skeleton               Necromancy                   1
   c - Summon Small Mammal            Summoning                    1
   d - Apportation                    Translocation                1
   Trog disapproves of the use of such an item.
 l - a book of Minor Magic

   Spells                             Type                      Level
   a - Magic Dart                     Conjuration                  1
   b - Blink                          Translocation                2
   c - Call Imp                       Summoning                    2
   d - Slow                           Hexes                        2
   e - Conjure Flame                  Conjuration/Fire             3
   f - Mephitic Cloud                 Conjuration/Poison/Air       3
   Trog disapproves of the use of such an item.
 y - a book of Frost

   Spells                             Type                      Level
   a - Freeze                         Ice                          1
   b - Throw Frost                    Conjuration/Ice              2
   c - Ozocubu's Armour               Charms/Ice                   3
   d - Throw Icicle                   Conjuration/Ice              4
   e - Summon Ice Beast               Ice/Summoning                4
   Trog disapproves of the use of such an item.
 H - a book of Misfortune

   Spells                             Type                      Level
   a - Confusing Touch                Hexes                        1
   b - Confuse                        Hexes                        3
   c - Gell's Gravitas                Translocation                3
   d - Petrify                        Transmutation/Earth          4
   e - Metabolic Englaciation         Hexes/Ice                    5
   f - Yara's Violent Unravelling     Hexes/Transmutation          5
   Trog disapproves of the use of such an item.
 L - a book of Geomancy

   Spells                             Type                      Level
   a - Sandblast                      Earth                        1
   b - Passwall                       Transmutation/Earth          2
   c - Stone Arrow                    Conjuration/Earth            3
   d - Petrify                        Transmutation/Earth          4
   e - Lee's Rapid Deconstruction     Earth                        5
   Trog disapproves of the use of such an item.
 W - Sif Muna's Reference Book on Dusty Necromancy
   (You found it on level 9 of the Dungeon)

   Spells                             Type                      Level
   a - Sublimation of Blood           Necromancy                   2
   b - Passwall                       Transmutation/Earth          2
   c - Vampiric Draining              Necromancy                   3
   d - Animate Dead                   Necromancy                   4
   e - Control Undead                 Necromancy                   4
   f - Cigotuvi's Embrace             Necromancy                   5
   Trog disapproves of the use of such an item.
 Y - a book of Changes

   Spells                             Type                      Level
   a - Beastly Appendage              Transmutation                1
   b - Sticks to Snakes               Transmutation                2
   c - Spider Form                    Transmutation/Poison         3
   d - Ice Form                       Ice/Transmutation            4
   e - Blade Hands                    Transmutation                5
   Trog disapproves of the use of such an item.
Comestibles
 c - 9 bread rations
 g - 23 royal jellies
 n - 11 meat rations
 o - 22 fruits
 w - 9 chunks of flesh


   Skills:
 + Level 13.4 Fighting
 * Level 15.6 Axes
 - Level 16.3 Armour
 - Level 11.2 Dodging


You had 13 spell levels left.
You didn't know any spells.

Dungeon Overview and Level Annotations

Branches:
Dungeon (12/15)            Temple (0/1) D:7            Lair (6/6) D:9
 Shoals (0/4) Lair:3       Spider (0/4) Lair:4        Slime (0/5) Lair:6
    Orc (0/2) D:10

Altars:
Ashenzari
Dithmenos
Elyvilon
Fedhas
Gozag
Hepliaklqana
Makhleb
Okawaru
Qazlal
Ru
Sif Muna
Uskayaw
Vehumet
Xom
Zin
The Shining One

Shops:
D:7 (   D:10 ?   D:12 %


Innate Abilities, Weirdness & Mutations

You reflexively headbutt those who attack you in melee.
You have a pair of horns on your head.
You are clumsy. (Dex -2)


Message History

The yak gores you.
The death yak gores you but does no damage.
The yak gores you but does no damage.
You turn to flesh and can move again.
You slice the yak!!
The yak is almost dead.
Your scale mail prevents you from hitting the death yak.
The death yak gores you!
* * * LOW HITPOINT WARNING * * *
The yak closely misses you. You furiously retaliate!
You headbutt the yak!
You kill the yak!
Trog accepts your kill. The death yak gores you.
* * * LOW HITPOINT WARNING * * *
You hit the death yak.
The death yak is severely wounded.
The death yak gores you!
* * * LOW HITPOINT WARNING * * *
The death yak gores you!
You die...

###÷.....#
##P.....##
#..###...##
#######...##
###.###...#
##.....##..#
###...#......##
#..###Y....##......#
#...†)@..####....##
##..P###.# ###.##
#...# #..# ### ##..
##..# #. #... Y.
.... .# .##.. .. #
..


You could see a death yak.

Vanquished Creatures
  Josephine (Lair:4)
  2 hydras
  3 catoblepae
  A centaur warrior (D:9)
  4 death yaks (Lair:6)
  2 two-headed ogres
  Urug (Lair:3)
  Nergalle (Lair:3)
  An ugly thing (D:10)
  A manticore (Lair:6)
  3 elephants
  A centaur zombie (D:11)
  7 black mambas
  A gargoyle (D:10)
  5 spiny frogs
  5 komodo dragons
  A rime drake (Lair:4)
  An efreet (D:9)
  4 trolls
  A queen bee (Lair:5)
  3 meliai (Lair:5)
  Grinder (D:6)
  2 hornets (D:11)
  3 jumping spiders (Lair:4)
  Prince Ribbit (D:7)
  4 hippogriffs
  5 blink frogs (Lair:1)
  A snapping turtle (Lair:3)
  55 yaks
  A shadow (D:9)
  2 redbacks
  6 wraiths
  A hungry ghost (D:11)
  3 basilisks
  Menkaure (D:6)
  A warg (D:12)
  The ghost of datboi the Cutter, an amateur KoBe of Trog (D:3)
  A soldier ant (D:10)
  22 water moccasins
  4 porcupines
  Purgy (Sewer)
  4 ice beasts
  8 orc warriors
  A sky beast (D:7)
  2 black bears
  A necrophage (D:8)
  9 ogres
  3 eyes of draining
  A phantom (D:9)
  4 wolves (Lair:2)
  4 centaurs
  11 crocodiles
  24 bullfrogs
  A big kobold (D:9)
  4 scorpions
  A water moccasin skeleton (D:10)
  22 killer bees (Lair:5)
  23 wights
  2 electric eels
  7 crimson imps
  A bullfrog zombie (D:8)
  8 hounds
  10 jellies
  Crazy Yiuf (D:5)
  12 orc priests
  2 bullfrog skeletons
  2 centaur skeletons
  11 orc wizards
  Ijyb (D:3)
  Terence (D:3)
  3 iguanas
  13 worker ants
  A hound zombie (D:9)
  4 hound skeletons
  A worker ant zombie (D:9)
  2 howler monkey skeletons
  3 gnolls (D:7)
  16 adders
  A shadow imp (D:11)
  6 oozes
  2 adder zombies
  An adder skeleton (D:5)
  6 worms
  3 dart slugs
  8 leopard geckos
  54 orcs
  8 bats
  3 giant cockroaches
  17 goblins
  12 hobgoblins
  23 jackals
  5 quokkas
  10 frilled lizards
  4 hobgoblin skeletons (Ossuary)
  A jackal zombie (D:6)
  8 kobolds
  A kobold zombie (Ossuary)
  An orc skeleton (Ossuary)
  A quokka skeleton (D:5)
  7 rats
  2 plants
573 creatures vanquished.

Vanquished Creatures (others)
  6 fungi
  4 plants
10 creatures vanquished.

Grand Total: 583 creatures vanquished

Notes
Turn   | Place    | Note
-------+----------+-------------------------------------------
     0 | D:1      | tof the Minotaur Berserker began the quest for the Orb.
     0 | D:1      | Reached XP level 1. HP: 19/19 MP: 0/0
    50 | D:1      | Reached XP level 2. HP: 17/27 MP: 1/1
   245 | D:1      | Reached skill level 3 in Armour
   531 | D:1      | Reached XP level 3. HP: 33/33 MP: 2/2
   903 | D:2      | Reached ** piety under Trog
  1124 | D:2      | Reached XP level 4. HP: 36/40 MP: 3/3
  1606 | D:3      | Noticed datboi's ghost (amateur KoBe)
  1934 | D:3      | Noticed Ijyb
  1952 | D:3      | Killed Ijyb
  1952 | D:3      | Reached skill level 4 in Armour
  2177 | D:3      | Noticed a hand axe
  2178 | D:3      | Noticed a hand axe
  2197 | D:3      | Reached *** piety under Trog
  2199 | D:3      | Reached XP level 5. HP: 44/47 MP: 4/4
  2209 | D:3      | Noticed Terence
  2268 | D:3      | Killed Terence
  2268 | D:3      | Reached skill level 5 in Axes
  2292 | D:3      | Killed datboi's ghost
  2292 | D:3      | Reached XP level 6. HP: 53/53 MP: 5/5
  2340 | D:3      | Found a shadowy altar of Dithmenos.
  2402 | D:3      | Reached skill level 5 in Armour
  2806 | D:3      | Found a sacrificial altar of Ru.
  2814 | D:3      | Found a shattered altar of Ashenzari.
  2816 | D:3      | Found a white marble altar of Elyvilon.
  2929 | D:3      | Found a hide-covered altar of Uskayaw.
  3139 | D:4      | Found a glowing drain.
  3161 | Sewer    | Entered a sewer
  3213 | Sewer    | Noticed Purgy
  3222 | Sewer    | Killed Purgy
  3222 | Sewer    | Reached skill level 5 in Fighting
  3222 | Sewer    | Reached XP level 7. HP: 42/61 MP: 6/6
  3477 | D:4      | Reached skill level 6 in Armour
  3536 | D:4      | Reached **** piety under Trog
  3821 | D:4      | Found an opulent altar of Gozag.
  4156 | D:5      | Entered Level 5 of the Dungeon
  4306 | D:5      | Found a hazy altar of Hepliaklqana.
  4449 | D:5      | Found a sand-covered staircase.
  4476 | Ossuary  | Entered an ossuary
  4613 | Ossuary  | Noticed a wraith
  4613 | Ossuary  | Noticed a flying skull
  4621 | Ossuary  | Noticed a flying skull
  4625 | Ossuary  | Noticed a wraith
  4634 | Ossuary  | Killed a wraith
  4634 | Ossuary  | Reached skill level 7 in Armour
  4634 | Ossuary  | Reached XP level 8. HP: 50/70 MP: 7/7
  4878 | Ossuary  | Noticed a flying skull
  4904 | Ossuary  | Noticed a flying skull
  4905 | Ossuary  | Noticed a flying skull
  4933 | Ossuary  | Reached skill level 5 in Dodging
  5053 | D:5      | Reached ***** piety under Trog
  5323 | D:5      | Reached skill level 8 in Armour
  5550 | D:5      | Found a runed door.
  5554 | D:5      | Noticed Crazy Yiuf
  5558 | D:5      | Killed Crazy Yiuf
  5771 | D:6      | Reached XP level 9. HP: 70/78 MP: 8/8
  6050 | D:6      | Noticed Menkaure
  6053 | D:6      | Killed Menkaure
  6053 | D:6      | Reached skill level 9 in Armour
  6188 | D:6      | Noticed Grinder
  6192 | D:6      | Killed Grinder
  6955 | D:7      | Reached skill level 10 in Axes
  7018 | D:7      | Reached skill level 10 in Armour
  7068 | D:7      | Found a staircase to the Ecumenical Temple.
  7071 | D:7      | Received a gift from Trog
  7166 | D:7      | Found a stormy altar of Qazlal.
  7168 | D:7      | Noticed Prince Ribbit
  7178 | D:7      | Reached XP level 10. HP: 83/88 MP: 3/9
  7193 | D:7      | Killed Prince Ribbit
  7522 | D:7      | Found Udadd's Weapon Shop.
  7550 | D:7      | Gained mutation: You are clumsy. (Dex -2) [mutagenic meat]
  7703 | D:8      | Found a glowing golden altar of the Shining One.
  7840 | D:8      | Found a deep blue altar of Sif Muna.
  8000 | D:8      | Reached skill level 11 in Armour
  8012 | D:8      | Found a blossoming altar of Fedhas.
  8062 | D:8      | HP: 2/90 [orc priest/nerve-wracking pain (9)]
  8662 | D:9      | Found a radiant altar of Vehumet.
  8792 | D:9      | Reached ****** piety under Trog
  8799 | D:9      | Noticed a centaur warrior
  8802 | D:9      | Killed a centaur warrior
  8809 | D:9      | Noticed a two-headed ogre
  8811 | D:9      | Received a gift from Trog
  8812 | D:9      | Killed a two-headed ogre
  8812 | D:9      | Reached skill level 12 in Armour
  8814 | D:9      | Reached XP level 11. HP: 59/97 MP: 3/10
  9114 | D:9      | Found a staircase to the Lair.
  9486 | D:9      | Found a glowing golden altar of the Shining One.
  9487 | D:9      | Found a burning altar of Makhleb.
  9603 | D:9      | Found an iron altar of Okawaru.
  9671 | D:9      | Identified Sif Muna's Reference Book on Dusty Necromancy
  9751 | D:9      | Noticed an angel
  9752 | D:9      | Found a glowing silver altar of Zin.
  9795 | D:10     | Entered Level 10 of the Dungeon
 10018 | D:10     | Noticed a purple ugly thing
 10032 | D:10     | Killed a purple ugly thing
 10214 | D:10     | Found Vuorosuchi's Magic Scroll Boutique.
 10219 | D:10     | Bought a scroll of silence for 82 gold pieces
 10219 | D:10     | Bought a scroll of identify for 22 gold pieces
 10334 | D:10     | Reached skill level 13 in Armour
 10341 | D:10     | Received a gift from Trog
 10503 | D:10     | Found a staircase to the Orcish Mines.
 10673 | D:10     | Reached skill level 10 in Fighting
 11028 | D:11     | Paralysed by a hornet for 3 turns
 11162 | D:11     | Noticed a two-headed ogre
 11168 | D:11     | Killed a two-headed ogre
 12111 | D:12     | Reached XP level 12. HP: 87/108 MP: 3/11
 12125 | D:12     | Reached skill level 14 in Armour
 12326 | D:12     | Found Weufuoje's Food Shop.
 12347 | D:12     | Noticed a two-headed ogre
 12476 | Lair:1   | Entered Level 1 of the Lair of Beasts
 13048 | Lair:1   | Noticed an eight-headed hydra
 13056 | Lair:1   | Killed a five-headed hydra
 13056 | Lair:1   | Reached skill level 10 in Dodging
 14571 | Lair:2   | Reached skill level 15 in Armour
 14581 | Lair:2   | Found the +8 whip "Snakebite" {curare, rPois}
 15405 | Lair:3   | Noticed Urug
 15416 | Lair:3   | Killed Urug
 15856 | Lair:3   | Noticed Nergalle
 15867 | Lair:3   | Killed Nergalle
 15987 | Lair:3   | Found a staircase to the Shoals.
 16504 | Lair:4   | Noticed a catoblepas
 16514 | Lair:4   | Killed a catoblepas
 16514 | Lair:4   | Reached XP level 13. HP: 100/117 MP: 12/12
 16645 | Lair:4   | Noticed Josephine
 17065 | Lair:4   | Killed Josephine
 17201 | Lair:4   | Received a gift from Trog
 17470 | Lair:4   | Reached skill level 16 in Armour
 18129 | Lair:4   | Found a hole to the Spider Nest.
 18890 | Lair:5   | Found the +10 zealot's sword {holy, *Rage rN+ EV+3}
 19627 | Lair:5   | Got a twitching steel ring
 19629 | Lair:5   | Identified the ring "Lidauf Xuuf" {Fire *Slow rElec Dex+2 Stlth+} (You found it on level 5 of the Lair of Beasts)
 20367 | Lair:6   | Entered Level 6 of the Lair of Beasts
 20771 | Lair:6   | Found a staircase to the Slime Pits.
 20796 | Lair:6   | Reached skill level 15 in Axes
 21076 | Lair:6   | Found a shimmering altar of Xom.
 21287 | Lair:6   | Received a gift from Trog
 21297 | Lair:6   | Reached XP level 14. HP: 128/129 MP: 4/13
 21308 | Lair:6   | HP: 5/129 [death yak (15)]
 21308 | Lair:6   | Mangled by a death yak

Vault maps used:
D:1:      dpeg_arrival_pits
D:3:      nicolae_dithmenos_through_a_glass_darkly, dancing_weapons_uskayaw,
          minitemple, uniq_terence, uniq_ijyb
D:4:      cheibrodos_sewer_entry_drain, first_bread, grunt_gozag_statues
D:5:      basic_altar, nicolae_ossuary_entry_plus, uniq_crazy_yiuf_cottage
D:6:      uniq_menkaure, uniq_grinder
D:7:      nicolae_overflow_crystal_walls, temple_fountains, serial_shops, shop,
          uniq_prince_ribbit1
D:8:      lemuel_crystal_altar, kennysheep_mini, hangedman_little_slice_of_home,
          supply_closet_lemuel, tso_metal_star
D:9:      minmay_the_grid_four_pointed_star, zin_angel, lemuel_round_altar,
          vehumet_crystals, chequers_temple_overflow_statue_of_worship,
          david_lair_generic
D:10:     erik_orc_3, serial_shops, shop_scrolls, serial_bayou_lagoon_a
D:12:     serial_shops, shop_fountains, trog_wizard
Lair:2:   minmay_guarded_unrand_snakebite
Lair:3:   minmay_shoals_entry_hut, serial_bayou_ford_a, grunt_megastairs_1,
          lemuel_fruit_tree, uniq_nergalle, uniq_urug
Lair:4:   spider_nest_entry_a, st_stairs_12, uniq_josephine
Lair:5:   special_room, wad_woods_river_03, infiniplex_staircase_pool_2,
          serial_bayou_shore_b, grunt_megastairs_5
Lair:6:   evilmike_catoblepas_cave, minmay_slime_entry_pillars, basic_altar,
          serial_bayou_shore_b
Sewer:    kennysheep_door_sewer
Ossuary:  ossuary_due_cavern

Skill      XL: |  1  2  3  4  5  6  7  8  9 10 11 12 13 |
---------------+----------------------------------------+-----
Axes           | 4 5 6 7 8 10 11 12 13 15 | 15.6
Armour         | 3 4 5 7 8 10 12 13 15 16 | 16.3
Fighting       | 4 5 6 7 9 10 11 13 | 13.4
Dodging        | 3 4 5 6 8 9 10 11 | 11.2

Action                   |  1- 3 |  4- 6 |  7- 9 | 10-12 | 13-15 || total
-------------------------+-------+-------+-------+-------+-------++-------
Melee: Hand axe          |    77 |   180 |   206 |       |       ||   463
       Headbutt          |    12 |    35 |    69 |   116 |    71 ||   303
       Battleaxe         |       |       |    94 |     6 |       ||   100
       Executioner's axe |       |       |     8 |   507 |    34 ||   549
       Whip              |       |       |       |   112 |   286 ||   398
Throw: Tomahawk          |       |       |     1 |     2 |     3 ||     6
Invok: Berserk           |       |     1 |     1 |     5 |     2 ||     9
       Trog's Hand       |       |       |       |       |     1 ||     1
  Use: Scroll            |       |     1 |       |    11 |     5 ||    17
       Potion            |       |       |       |     1 |     1 ||     2
  Eat: Chunk             |     1 |     8 |    27 |    45 |    17 ||    98
       Bread ration      |       |       |       |     1 |       ||     1
Armor: Animal skin       |    13 |     6 |       |       |       ||    19
       Scale mail        |       |    61 |    11 |       |    94 ||   166
       Plate armour      |       |       |   166 |   459 |    99 ||   724
Dodge: Dodged            |    46 |    83 |   155 |   434 |   254 ||   972
       Deflected         |       |       |       |     3 |       ||     3
Block: Other             |       |       |    16 |       |       ||    16
       Reflection        |       |       |     2 |       |       ||     2

Table legend:
 A = Spawn XP
 B = Non-spawn XP
 C = Spawn XP percentage of total XP
 D = Spawn monster count
 E = Non-spawn monster count
 F = Spawn count percentage of total count
 G = Total turns spent on level
                    A         B        C        D         E        F      G
               +---------+---------+-------+---------+---------+-------+---------
         Total |       0 |   65631 |   0.0 |       0 |     571 |   0.0 | 21308
               +---------+---------+-------+---------+---------+-------+---------
           D:1 |       0 |      50 |   0.0 |       0 |      27 |   0.0 |   900
           D:2 |       0 |      79 |   0.0 |       0 |      26 |   0.0 |   870
           D:3 |       0 |     454 |   0.0 |       0 |      41 |   0.0 |  1355
           D:4 |       0 |     267 |   0.0 |       0 |      14 |   0.0 |   763
           D:5 |       0 |     899 |   0.0 |       0 |      31 |   0.0 |  1019
           D:6 |       0 |    1485 |   0.0 |       0 |      27 |   0.0 |  1073
           D:7 |       0 |    2346 |   0.0 |       0 |      44 |   0.0 |   898
           D:8 |       0 |    1362 |   0.0 |       0 |      36 |   0.0 |   899
           D:9 |       0 |    5353 |   0.0 |       0 |      37 |   0.0 |  1537
          D:10 |       0 |    3954 |   0.0 |       0 |      48 |   0.0 |  1239
          D:11 |       0 |    4429 |   0.0 |       0 |      32 |   0.0 |  1121
          D:12 |       0 |    1840 |   0.0 |       0 |      12 |   0.0 |   313
        Lair:1 |       0 |    4055 |   0.0 |       0 |      16 |   0.0 |   841
        Lair:2 |       0 |    4473 |   0.0 |       0 |      24 |   0.0 |  1529
        Lair:3 |       0 |    6232 |   0.0 |       0 |      27 |   0.0 |  1666
        Lair:4 |       0 |    9889 |   0.0 |       0 |      32 |   0.0 |  2025
        Lair:5 |       0 |    6310 |   0.0 |       0 |      46 |   0.0 |  1500
        Lair:6 |       0 |   11402 |   0.0 |       0 |      33 |   0.0 |   941
         Sewer |       0 |     156 |   0.0 |       0 |       6 |   0.0 |   268
       Ossuary |       0 |     596 |   0.0 |       0 |      12 |   0.0 |   551
               +---------+---------+-------+---------+---------+-------+---------
